 Dungeon Crawl Stone Soup version 0.20.0-4-g10b340a (webtiles) character file.

99082 Jannitor the Spear-Bearer (level 15, -10/122 HPs)
             Began as a Demonspawn Wanderer on May 27, 2017.
             Was an Initiate of Gozag.
             Killed from afar by Frances (13 damage)
             ... with a shard of ice
             ... on level 1 of the Swamp on May 28, 2017.
             The game lasted 01:56:33 (30916 turns).

Jannitor the Spear-Bearer (Demonspawn Wanderer)    Turns: 30916, Time: 01:56:38

Health: -10/122    AC: 20    Str: 25    XL:     15   Next: 76%
Magic:  14/14      EV:  9    Int:  8    God:    Gozag
Gold:   2581       SH:  6    Dex: 15    Spells: 14/14 levels left

rFire    . . .     SeeInvis .   a - +8 frozen axe "Frostbite" {freezing cloud, *Noise +Fly rC+}
rCold    + + .     Gourm    .   (shield currently unavailable)
rNeg     . . .     Faith    .   o - +3 plate armour {rPois}
rPois    +         Spirit   .   g - +0 hat
rElec    .         Reflect  +   C - scarf {cloud immunity}
rCorr    .         Harm     .   i - +0 pair of gloves
MR       ++...                  (boots unavailable)
Stlth    ..........             A - +6 amulet of reflection
Regen    0.3/turn               U - ring of protection from magic
MPRegen  0.2/turn               T - ring of protection from cold

@: mighty, heavily drained
A: horns 2, talons 3, molten scales 1, demonic guardian 1, dopey 1, low mp 1,
evolution 1, rot immunity, MP-powered wands
a: Potion Petition, Call Merchant, Bribe Branch, Renounce Religion, Evoke Flight


You were on level 1 of the Swamp.
You worshipped Gozag.
Gozag was most pleased with you.
You were not hungry.

You visited 5 branches of the dungeon, and saw 25 of its levels.
You also visited: Labyrinth and Ossuary.

You collected 9187 gold pieces.
You spent 4790 gold pieces at shops.
You paid 1816 gold pieces to Gozag.

Inventory:

Hand Weapons
 a - the +8 frozen axe "Frostbite" (weapon) {freezing cloud, *Noise +Fly rC+}
   (You bought it in a shop on level 2 of the Orcish Mines)

   It has been specially enchanted to freeze those struck by it, causing extra
   injury to most foes and up to half again as much damage against particularly
   susceptible opponents.
   It can also slow down cold-blooded creatures.
   It protects you from cold.
   It lets you fly.
   It may make noises in combat.
 b - a +7 fustibalus of freezing
 s - a +2 hunting sling of venom
 P - the +11 halberd of the Genius {chop, rF++ Str+6}
   (You bought it in a shop on level 4 of the Dungeon)

   It inflicts extra damage upon your enemies.
   It affects your strength (+6).
   It greatly protects you from fire.
Missiles
 h - 472 stones (quivered)
 K - 165 sling bullets
Armour
 g - a +0 hat (worn)
 i - a +0 pair of gloves (worn)
 k - the +0 plate armour of Xoph {rCorr Str+6}
   (You bought it in a shop on level 2 of the Orcish Mines)

   It affects your strength (+6).
   It protects you from acid and corrosion.
 o - a +3 plate armour of poison resistance (worn)
 C - a scarf of cloud immunity (worn)
 N - the +8 scale mail of the Trilobite {*Drain Dex+3 Slay+3 SInv}
   (You bought it in a shop on level 2 of the Orcish Mines)

   It affects your dexterity (+3).
   It affects your accuracy and damage with ranged weapons and melee attacks
   (+3).
   It lets you see invisible.
   It causes draining when unequipped.
Jewellery
 d - an uncursed ring of positive energy
 z - an uncursed amulet of regeneration
 A - a +6 amulet of reflection (around neck)
 T - a ring of protection from cold (right hand)
 U - a ring of protection from magic (left hand)
 V - a cursed ring of teleportation {unknown}
Wands
 q - a wand of iceblast (5/15)
 t - a wand of disintegration (14/24)
 y - a wand of lightning (8/15)
 B - a wand of iceblast (8/15)
 D - a wand of acid (10/15)
 H - a wand of random effects (29/48)
 O - a wand of acid (6/15)
 Q - a wand of confusion (29/48)
 S - a wand of random effects (23/48)
 Z - a wand of digging (19/24)
Scrolls
 c - 5 scrolls of enchant armour
 e - 9 scrolls of teleportation
 l - a scroll of blinking
 m - 2 scrolls of magic mapping
 n - 7 scrolls of identify
 u - 4 scrolls of recharging
 L - a scroll of fear
 W - 5 scrolls of remove curse
 X - 3 scrolls of amnesia
 Y - a scroll of immolation
Potions
 j - 2 potions of curing
 r - a potion of might
 w - a potion of resistance
 x - 3 potions of berserk rage
 E - 2 potions of mutation
 G - a potion of heal wounds
 J - 4 potions of magic
Books
 f - a book of Ice

   Spells                             Type                      Level
   a - Ice Form                       Ice/Transmutation            4
   b - Metabolic Englaciation         Hexes/Ice                    5
   c - Ozocubu's Refrigeration        Ice                          6
   d - Bolt of Cold                   Conjuration/Ice              6
   e - Freezing Cloud                 Conjuration/Ice/Air          6
   f - Simulacrum                     Ice/Necromancy               6
Miscellaneous
 p - a lightning rod (4/4)
 M - a phantom mirror
Comestibles
 v - 5 fruits
 F - 2 meat rations
 I - a bread ration
 R - 17 royal jellies


   Skills:
 * Level 12.4(10.9) Fighting
 * Level 6.3(9.7) Axes
   Level 1.8(3.2) Maces & Flails
 - Level 13.8(12.7) Polearms
 + Level 13.6(12.1) Slings
   Level 1.0(0.0) Bows
   Level 1.7(0.6) Crossbows
 - Level 1.0(7.7) Throwing
 + Level 10.8(9.4) Armour
 + Level 5.3(4.0) Dodging
 - Level 1.0(0.0) Evocations


You had 14 spell levels left.
You didn't know any spells.

Dungeon Overview and Level Annotations

Branches:
Dungeon (15/15)            Temple (1/1) D:4            Lair (6/6) D:9
  Swamp (1/4) Lair:2       Spider (0/4) Lair:4        Slime (0/5) Lair:6
    Orc (2/2) D:10            Elf (0/3) Orc:2        Vaults (0/5) D:14
 Depths (0/5) D:15

Altars:
Ashenzari
Cheibriados
Dithmenos
Elyvilon
Fedhas
Gozag
Hepliaklqana
Kikubaaqudgha
Makhleb
Nemelex Xobeh
Okawaru
Qazlal
Ru
Sif Muna
Trog
Uskayaw
Vehumet
Xom
Yredelemnul
Zin
The Shining One
Jiyva

Shops:
D:4 (   D:9 *   Orc:2 [*%*((

Annotations:
D:3 flsc's ghost, amateur MiBe
D:15 1 runed door
Swamp:1 Frances


Innate Abilities, Weirdness & Mutations

You have claws for feet.
You are partially covered in molten scales. (AC +2)
A weak demonic guardian rushes to your aid.
You are immune to rotting.
You have a pair of horns on your head.
You are dopey. (Int -2)
Your magical capacity is low. (-10% MP)
You evolve.
You expend magic power (3 MP) to strengthen your wands.


Message History

Frances seems to speed up.
Unknown command.
You closely miss Frances. You headbutt Frances.
Frances is severely wounded.
You slash the chaos spawn! You freeze the chaos spawn.
You kill the chaos spawn!
The chaos spawn degenerates into a cloud of primal chaos!
You block Frances's attack.
Frances mutters in a terrible tongue.
The iron shot hits you!
* * * LOW HITPOINT WARNING * * *
You closely miss Frances. Your headbutt misses Frances.
Frances is severely wounded.
Frances hits you with a halberd!!
* * * LOW HITPOINT WARNING * * *
Frances takes a defensive stance.
Frances chants phrases taken from a devil's mouth.
The shard of ice hits you! You partially resist.
You die...
Your body crumbles into a pile of gold.

≈..≈....♣♣.......♣♣♣ ♣
≈≈..≈.....###'#...♣♣ ≈≈
≈≈≈≈...##...#÷...≈ ...
♣≈≈..##.....##... ♣≈..♣♣
♣♣.≈..#...#...#...
♣...≈♣♣≈)...#..#(...#...
♣≈...$§.≈....((.#...#...
♣.≈≈≈≈<$§..(##.....##..≈
♣.≈≈≈≈≈@@.≈..##...##w.≈.
♣.≈≈≈≈≈≈§.≈≈.(#####.5...
♣♣.≈≈≈≈≈...........$....
♣≈.≈≈≈.♣≈...≈♣....}≈....
♣§.≈≈≈.≈...♣♣♣≈....[≈≈≈.
♣♣.≈≈.♣≈..♣♣ ♣♣♣.≈♣≈≈≈≈≈
♣♣.≈♣....♣ ♣♣♣♣♣D... ♣♣.
♣♣♣ ♣(...


You could see Frances.

Vanquished Creatures
  Kirke (Lair:5)
  The ghost of SedStubbie the Unseen, a journeyman OpMo of Uskayaw (D:15)
  A deep elf annihilator (D:11)
  A minotaur (Lab)
  A yaktaur captain (D:15)
  A great orb of eyes (D:15)
  10 hydras
  Erolcha (D:10)
  A merfolk avatar (Lair:6)
  4 centaur warriors
  4 death yaks
  2 tengu warriors (D:12)
  11 two-headed ogres
  Urug (D:11)
  2 orc high priests (Orc:2)
  Sonja (D:13)
  A skeletal warrior (D:11)
  A sea snake (Lair:6)
  6 unseen horrors
  3 wizards (D:10)
  Pikel (D:7)
  6 orc knights
  A wolf spider (D:15)
  A wolf spider zombie (D:12)
  A deep elf mage (D:12)
  5 ugly things
  An oklob plant (Lair:6)
  2 cyclopes
  3 manticores
  5 orc sorcerers
  3 black mambas
  5 elephants
  3 gargoyles
  5 rime drakes
  7 spiny frogs
  3 centaur skeletons
  A yaktaur (D:15)
  2 efreet
  5 komodo dragons
  3 demonic crawlers (D:14)
  A troll (shapeshifter) (D:11)
  A tengu conjurer (D:15)
  A queen bee (Lair:2)
  A jumping spider (Lair:4)
  3 trolls
  2 hornets (Lair:6)
  7 meliai
  6 polar bears
  Prince Ribbit (D:7)
  A tyrant leech (Lair:2)
  A minotaur skeleton (Lab)
  11 blink frogs
  5 slime creatures (D:12)
  7 hippogriffs
  7 dream sheep
  A wyvern (D:10)
  3 vampires
  59 yaks
  4 shadows
  6 basilisks
  2 wraiths
  2 vampire mosquitoes (D:14)
  2 hungry ghosts
  2 swamp worms (Swamp:1)
  3 wargs
  An acid dragon (D:11)
  14 water moccasins
  7 porcupines
  2 slaves (D:7)
  A swamp drake (Swamp:1)
  6 ice beasts
  29 orc warriors
  A phantom (D:5)
  6 sky beasts
  An eye of draining (D:10)
  A necrophage (D:9)
  12 ogres
  A boggart (D:12)
  7 centaurs
  18 crocodiles
  2 big kobolds
  An elf zombie (Ossuary)
  19 bullfrogs
  3 scorpions
  25 killer bees
  9 wights
  2 howler monkeys
  4 electric eels (Lair:2)
  6 crimson imps
  A bullfrog zombie (D:12)
  10 hounds
  3 quasits
  3 centaur zombies
  A human zombie (Ossuary)
  6 jellies
  21 orc priests
  2 bullfrog skeletons
  5 iguanas
  12 orc wizards
  9 worker ants
  2 big kobold zombies (Ossuary)
  2 hound skeletons
  3 mummies
  11 gnolls
  14 adders
  2 worker ant zombies
  2 river rats (Lair:5)
  6 shadow imps
  2 oozes
  An adder zombie (D:6)
  A worm (D:2)
  2 dart slugs (D:2)
  6 leopard geckos
  71 orcs
  3 giant cockroaches
  6 goblins
  8 hobgoblins
  13 jackals
  13 kobolds
  5 quokkas
  3 ball pythons
  4 bats (D:1)
  4 frilled lizards
  2 gnoll zombies (Ossuary)
  3 goblin zombies (Ossuary)
  4 hobgoblin zombies (Ossuary)
  A kobold zombie (D:6)
  2 leopard gecko skeletons
  An orc zombie (D:6)
  A quokka skeleton (D:5)
  2 rats
  A bush (Lair:6)
  3 plants
711 creatures vanquished.

Vanquished Creatures (collateral kills)
  2 hydras
  A centaur warrior (D:15)
  An orc high priest (Orc:2)
  An orc knight (D:15)
  An elephant (Lair:6)
  2 centaur skeletons
  2 komodo dragons (Lair:6)
  A hornet (D:10)
  3 dream sheep (Lair:4)
  A blink frog (Lair:6)
  A yak (D:12)
  A black bear (D:8)
  A slave (D:8)
  5 ogres
  A centaur (D:6)
  A scorpion (D:9)
  A killer bee (D:11)
  A wight (D:6)
  An orc priest (D:6)
  A worker ant (D:7)
  A leopard gecko (D:6)
  3 orcs
  2 jackals (D:4)
35 creatures vanquished.

Vanquished Creatures (others)
  2 dancing weapons (D:14)
  A centaur warrior (D:14)
  Joseph (D:7)
  3 humans (Lair:6)
  A floating eye (shapeshifter) (D:15)
  A crocodile (Lair:6)
  A bush (Lair:6)
  7 fungi
  8 plants
25 creatures vanquished.

Grand Total: 771 creatures vanquished

Notes
Turn   | Place    | Note
-------+----------+-------------------------------------------
     0 | D:1      | Jannitor the Demonspawn Wanderer began the quest for the Orb.
     0 | D:1      | Jannitor set off with: a +2 scale mail, a +0 hand axe, a wand of random effects (15/48), a bread ration
     0 | D:1      | Reached XP level 1. HP: 16/16 MP: 1/1
   340 | D:1      | Gained mutation: You have sharp toenails. [demonic ancestry]
   340 | D:1      | Reached XP level 2. HP: 22/22 MP: 2/2
   886 | D:2      | Found a shadowy altar of Dithmenos.
   954 | D:2      | Gained mutation: You are immune to rotting. [demonic ancestry]
   954 | D:2      | Reached XP level 3. HP: 27/28 MP: 3/3
   976 | D:2      | Found a white marble altar of Elyvilon.
  1033 | D:2      | Reached skill level 1 in Maces & Flails
  1457 | D:3      | Noticed flsc's ghost (amateur MiBe)
  1593 | D:2      | Upgraded the game from 0.20.0-3-g22ec75f to 0.20.0-4-g10b340a
  1726 | D:3      | Reached XP level 4. HP: 32/34 MP: 4/4
  1909 | D:3      | Noticed an orc warrior
  1987 | D:3      | Found a hazy altar of Hepliaklqana.
  2221 | D:4      | Reached skill level 1 in Slings
  2221 | D:4      | Gained mutation: A weak demonic guardian rushes to your aid. [demonic ancestry]
  2221 | D:4      | Reached XP level 5. HP: 40/41 MP: 5/5
  2411 | D:4      | Found a snail-covered altar of Cheibriados.
  2440 | D:4      | Found a staircase to the Ecumenical Temple.
  2450 | Temple   | Entered the Ecumenical Temple
  2654 | Temple   | Became a worshipper of Gozag Ym Sagoz the Greedy
  2695 | D:4      | Noticed an ogre
  2699 | D:4      | Noticed an ogre
  2702 | D:4      | Killed an ogre
  2707 | D:4      | Killed an ogre
  2707 | D:4      | Reached XP level 6. HP: 38/47 MP: 6/6
  2800 | D:4      | Found Zostaopu's Weapon Shop.
  3315 | D:4      | Reached skill level 5 in Slings
  3315 | D:4      | Gained mutation: You are partially covered in molten scales. (AC +2) [demonic ancestry]
  3315 | D:4      | Reached XP level 7. HP: 52/52 MP: 7/7
  3335 | D:5      | Entered Level 5 of the Dungeon
  3534 | D:5      | Found a glowing golden altar of the Shining One.
  3699 | D:5      | Found a sparkling altar of Nemelex Xobeh.
  3975 | D:5      | Reached XP level 8. HP: 44/58 MP: 8/8
  4143 | D:5      | Found a hide-covered altar of Uskayaw.
  4286 | D:6      | Found a sand-covered staircase.
  4314 | Ossuary  | Entered an ossuary
  5753 | D:7      | Noticed Joseph
  5755 | D:7      | Noticed Prince Ribbit
  5774 | D:8      | Reached XP level 9. HP: 63/63 MP: 9/9
  5815 | D:7      | Killed Joseph
  5815 | D:7      | Reached skill level 10 in Slings
  5840 | D:7      | Killed Prince Ribbit
  5909 | D:7      | Got a warped bone ring
  6032 | D:7      | Found an iron altar of Okawaru.
  6129 | D:7      | Found a stormy altar of Qazlal.
  6129 | D:7      | Found a radiant altar of Vehumet.
  6635 | D:4      | Bought the +11 halberd of the Genius {chop, rF++ Str+6} for 1373 gold pieces
  6822 | D:8      | Noticed Pikel
  6929 | D:7      | Killed Pikel
  7313 | D:8      | Reached skill level 5 in Polearms
  7359 | D:8      | Gained mutation: You expend magic power (3 MP) to strengthen your wands. [potion of mutation]
  7359 | D:8      | Gained mutation: You have razor-sharp toenails. [potion of mutation]
  7637 | D:8      | Mutation became permanent: You have sharp toenails. [demonic ancestry]
  7637 | D:8      | Gained mutation: You have razor-sharp toenails. [demonic ancestry]
  7637 | D:8      | Reached XP level 10. HP: 68/70 MP: 10/10
  8258 | D:9      | Found a staircase to the Lair.
  8351 | D:9      | Found a glowing silver altar of Zin.
  8401 | D:9      | Found Qipsaff's General Store.
  8409 | D:9      | Bought a scroll of teleportation for 48 gold pieces
  8409 | D:9      | Bought 2 fruits for 48 gold pieces
  8409 | D:9      | Bought 25 stones for 40 gold pieces
  8409 | D:9      | Bought a scroll of teleportation for 48 gold pieces
  8409 | D:9      | Bought a scroll of enchant armour for 120 gold pieces
  8421 | D:9      | Identified the ring of the Two Names {*Drain Str+5 Int+3} (You found it on level 7 of the Dungeon)
  8528 | D:9      | Found a sparkling altar of Nemelex Xobeh.
  8801 | D:9      | You fall through a shaft for 3 floors!
  8839 | D:12     | Noticed a deep elf mage
  8839 | D:12     | Noticed a tengu warrior
  8883 | D:12     | Killed a tengu warrior
  8896 | D:12     | Noticed a two-headed ogre
  8901 | D:12     | Noticed a five-headed hydra
  8904 | D:12     | Killed a two-headed ogre
  9092 | D:12     | Noticed a two-headed ogre
  9107 | D:12     | Killed a two-headed ogre
  9107 | D:12     | Reached skill level 10 in Polearms
  9107 | D:12     | Gained mutation: You have claws for feet. [demonic ancestry]
  9107 | D:12     | Reached XP level 11. HP: 31/75 MP: 11/11
  9383 | D:12     | Noticed a white ugly thing
  9394 | D:12     | Killed a white ugly thing
  9408 | D:12     | Noticed a tengu warrior
  9668 | D:12     | Noticed a deep elf mage
  9718 | D:12     | Killed a deep elf mage
  9797 | D:10     | Entered Level 10 of the Dungeon
  9864 | D:10     | Killed an unseen horror
 10178 | D:10     | Noticed a wizard
 10179 | D:10     | Noticed a wizard
 10510 | Lair:1   | Entered Level 1 of the Lair of Beasts
 10727 | Lair:1   | Reached skill level 5 in Armour
 11295 | Lair:2   | Reached skill level 5 in Fighting
 11296 | Lair:2   | Lost mutation: You expend magic power (3 MP) to strengthen your wands. [potion of mutation]
 11296 | Lair:2   | Gained mutation: Scrolls take you a little longer to read. [potion of mutation]
 11296 | Lair:2   | Gained mutation: Your muscles are strong. (Str +2) [potion of mutation]
 11407 | Lair:2   | Reached XP level 12. HP: 68/86 MP: 12/12
 11498 | Lair:2   | Noticed an eight-headed hydra
 12571 | Lair:2   | Killed an eight-headed hydra
 12624 | Lair:2   | Found a staircase to the Swamp.
 12981 | Lair:3   | Noticed a four-headed hydra
 12991 | Lair:3   | Killed a four-headed hydra
 13221 | Lair:3   | Lost mutation: Your muscles are strong. (Str +2) [potion of mutation]
 13221 | Lair:3   | Lost mutation: Scrolls take you a little longer to read. [potion of mutation]
 13221 | Lair:3   | Gained mutation: You evolve. [potion of mutation]
 13221 | Lair:3   | Gained mutation: Your magical capacity is low. (-10% MP) [potion of mutation]
 13221 | Lair:3   | Gained mutation: You are dopey. (Int -2) [potion of mutation]
 13221 | Lair:3   | Gained mutation: You have a pair of small horns on your head. [potion of mutation]
 14277 | Lair:4   | Found a hole to the Spider Nest.
 15639 | Lair:5   | Noticed a death yak
 15641 | Lair:5   | Noticed a death yak
 15642 | Lair:5   | Noticed a death yak
 15672 | Lair:4   | Killed a death yak
 15672 | Lair:4   | Reached XP level 13. HP: 81/97 MP: 12/12
 16180 | Lair:6   | Entered Level 6 of the Lair of Beasts
 16193 | Lair:6   | Noticed Kirke
 16580 | Lair:5   | Killed Kirke
 18043 | Lair:6   | Gained mutation: You have a pair of horns on your head. [evolution]
 18487 | Lair:6   | Reached XP level 14. HP: 38/108 MP: 13/13
 19169 | Lair:6   | Found a viscous altar of Jiyva.
 19169 | Lair:6   | Found a staircase to the Slime Pits.
 19744 | D:10     | Identified a scroll of acquirement
 19866 | D:10     | Paralysed by a wizard for 4 turns
 20103 | D:10     | Found a staircase to the Orcish Mines.
 20286 | D:10     | Noticed Erolcha
 20292 | D:10     | Killed Erolcha
 20784 | D:10     | Reached skill level 10 in Fighting
 20920 | Orc:1    | Entered Level 1 of the Orcish Mines
 21338 | Orc:2    | Entered Level 2 of the Orcish Mines
 21367 | Orc:2    | Found a staircase to the Elven Halls.
 22403 | Orc:2    | Reached skill level 1 in Dodging
 22584 | Orc:2    | Paralysed by an orc sorcerer for 4 turns
 23251 | Orc:2    | Gained mutation: You expend magic power (3 MP) to strengthen your wands. [evolution]
 23394 | Orc:2    | Found Maytha Erro's Assorted Antiques.
 23422 | Orc:2    | Found Zoqes's General Store.
 23426 | Orc:2    | Bought a scroll of enchant weapon for 127 gold pieces
 23426 | Orc:2    | Bought 2 scrolls of enchant armour for 255 gold pieces
 23426 | Orc:2    | Found Ybbuus's Antique Armour Emporium.
 23428 | Orc:2    | Found Ziecefue's Food Boutique.
 23434 | Orc:2    | Bought a polished plate armour for 1148 gold pieces
 23444 | Orc:2    | Identified the cursed +0 plate armour of Xoph {rCorr Str+6} (You bought it in a shop on level 2 of the Orcish Mines)
 23446 | Orc:2    | Bought a bread ration for 55 gold pieces
 23446 | Orc:2    | Bought a meat ration for 55 gold pieces
 23446 | Orc:2    | Bought a royal jelly for 22 gold pieces
 23446 | Orc:2    | Bought a meat ration for 55 gold pieces
 23446 | Orc:2    | Bought a meat ration for 55 gold pieces
 23446 | Orc:2    | Bought a meat ration for 55 gold pieces
 23459 | Orc:2    | Bought a faintly humming scale mail for 369 gold pieces
 23459 | Orc:2    | Identified the +8 scale mail of the Trilobite {*Drain Dex+3 Slay+3 SInv} (You bought it in a shop on level 2 of the Orcish Mines)
 23582 | Orc:2    | Bought the +8 frozen axe "Frostbite" {freezing cloud, *Noise +Fly rC+} for 917 gold pieces
 23806 | D:11     | Reached skill level 1 in Axes
 24015 | D:11     | Noticed Urug
 24020 | D:11     | Killed Urug
 24207 | D:11     | Reached skill level 10 in Armour
 25540 | D:12     | Found a burning altar of Makhleb.
 25551 | D:12     | Reached XP level 15. HP: 49/119 MP: 14/14
 26505 | D:13     | Found a labyrinth entrance.
 26510 | Lab      | Entered a labyrinth
 27055 | D:13     | Noticed Sonja
 27061 | D:13     | Killed Sonja
 28231 | D:14     | Found Rusaeck's Distillery.
 28521 | D:14     | Reached skill level 5 in Axes
 29289 | D:14     | Found a gate to the Vaults.
 29392 | D:15     | Entered Level 15 of the Dungeon
 29401 | D:15     | Noticed SedStubbie's ghost (journeyman OpMo)
 29412 | D:15     | Killed SedStubbie's ghost
 29545 | D:15     | Reached skill level 5 in Dodging
 29836 | D:15     | Found a shimmering altar of Xom.
 30038 | D:15     | Found a runed door.
 30222 | D:15     | Found a staircase to the Depths.
 30779 | Swamp:1  | Entered Level 1 of the Swamp
 30833 | Swamp:1  | Noticed Frances
 30916 | Swamp:1  | HP: 3/122 [Frances/halberd (24)]
 30916 | Swamp:1  | Killed from afar by Frances

Skill      XL: |  1  2  3  4  5  6  7  8  9 10 11 12 13 14 15 |
---------------+----------------------------------------------+-----
Armour         | 3 5 7 9 10 | 10.8
Maces & Flails | 1 |  1.8
Fighting       | 3 5 7 9 11 12 | 12.4
Slings         | 1 3 5 7 9 11 12 13 | 13.6
Polearms       | 5 10 11 12 13 | 13.8
Dodging        | 3 5 |  5.3
Axes           | 3 6 |  6.3
Bows           | |  1.0
Crossbows      | |  1.7
Throwing       | |  1.0
Evocations     | |  1.0

Action                   |  1- 3 |  4- 6 |  7- 9 | 10-12 | 13-15 || total
-------------------------+-------+-------+-------+-------+-------++-------
Melee: Whip              |   141 |    21 |   145 |       |       ||   307
       Hand axe          |     6 |       |       |       |       ||     6
       Kick              |    32 |     3 |    62 |   130 |   243 ||   470
       Halberd           |       |       |    22 |   438 |   456 ||   916
       Headbutt          |       |       |       |    41 |   152 ||   193
       Executioner's axe |       |       |       |       |   318 ||   318
 Fire: Hunting sling     |       |   135 |   343 |   185 |   405 ||  1068
       Fustibalus        |       |       |       |       |    65 ||    65
Throw: Stone             |       |       |       |     1 |       ||     1
Invok: Potion Petition   |       |       |       |     1 |     1 ||     2
       Call Merchant     |       |       |       |       |     2 ||     2
Evoke: Wand              |       |       |     2 |       |     7 ||     9
       Lightning rod     |       |       |       |       |     4 ||     4
  Use: Scroll            |       |     4 |     9 |    14 |    21 ||    48
       Potion            |       |       |     6 |     5 |    15 ||    26
 Stab: Distracted        |       |       |     2 |     9 |     9 ||    20
  Eat: Chunk             |     2 |     2 |       |       |       ||     4
       Meat ration       |       |     1 |       |     2 |     6 ||     9
       Bread ration      |       |       |     3 |     3 |     4 ||    10
       Fruit             |       |       |       |     1 |       ||     1
       Royal jelly       |       |       |       |       |     2 ||     2
Armor: Scale mail        |    84 |    63 |   163 |   193 |   317 ||   820
       Plate armour      |       |       |       |       |    24 ||    24
       Skin              |       |       |       |       |     2 ||     2
Dodge: Dodged            |    70 |    62 |   101 |   138 |   324 ||   695
Block: Other             |       |       |    16 |    78 |   180 ||   274
       Reflection        |       |       |     7 |     2 |    11 ||    20
